 Dungeon Crawl Stone Soup version 0.29.0-11-gd7f09526c8 (webtiles) character file.

Game seed: 16300147544499231280

122 unlimited1921 the Firebug (level 5, -1/32 HPs)
             Began as an Octopode Fire Elementalist on Sept 4, 2022.
             Slain by an orc priest
             ... wielding a +0 club
              (4 damage)
             ... on level 2 of the Dungeon.
             The game lasted 00:10:02 (4351 turns).

unlimited1921 the Firebug (OpFE)                    Turns: 4351, Time: 00:10:03

Health: -1/32      AC:  2    Str:  7    XL:     5   Next: 6%
Magic:  1/9        EV: 13    Int: 17    God:
Gold:   141        SH:  0    Dex: 15    Spells: 3/9 levels left

rFire   . . .      SeeInvis .   d - +0 short sword
rCold   . . .      Faith    .   (no shield)
rNeg    . . .      Spirit   .   k - +1 hat
rPois   .          Reflect  .   (no amulet)
rElec   .          Harm     .   (no ring)
rCorr   .          Rampage  .   (no ring)
Will    .....                   (no ring)
Stlth   ++++......              (no ring)
HPRegen 0.10/turn               (no ring)
MPRegen 0.11/turn               (no ring)
                                (no ring)
                                (no ring)

@: no status effects
A: almost no armour, amphibious, 8 rings, camouflage 1, gelatinous body 1,
(nimble swimmer 1), tentacles
a: no special abilities


You were on level 2 of the Dungeon.
You visited 1 branch of the dungeon, and saw 3 of its levels.

You collected 141 gold pieces.

Inventory:

Hand Weapons
 d - a +0 short sword (weapon)
Missiles
 c - 27 stones
Armour
 k - a +1 hat (worn)
 n - a scarf of repulsion
Scrolls
 b - 2 scrolls of vulnerability {unknown}
 f - a scroll of butterflies {unknown}
 g - a scroll of enchant armour {unknown}
 l - a scroll of poison {unknown}
 o - a scroll of enchant weapon {unknown}
Potions
 a - a potion of magic
 e - a potion of flight {unknown}
 h - a potion of resistance {unknown}
 i - a potion of might {unknown}
 j - 3 potions of curing {unknown}
 m - a potion of lignification {unknown}


   Skills:
 + Level 0.3 Fighting
 + Level 0.2 Short Blades
 + Level 2.2 Dodging
 + Level 3.8 Stealth
 + Level 2.9 Spellcasting
 + Level 1.9 Conjurations
 + Level 4.0 Fire Magic


You had 3 spell levels left.
You knew the following spells:

 Your Spells              Type           Power      Damage    Failure   Level
a - Foxfire               Conj/Fire      48%        2x1d6     5%          1
b - Scorch                Fire           32%        2d6       5%          2
c - Inner Flame           Hex/Fire       9%         N/A       24%         3

Your spell library contained the following spells:

 Spells                   Type           Power      Damage    Failure   Level
 Conjure Flame            Conj/Fire      12%        6-21      16%         3
 Summon Small Mammal      Summ           8%         N/A       19%         1
 Call Canine Familiar     Summ           2%         N/A       47%         3
 Summon Guardian Golem    Hex/Summ       2%         N/A       47%         3
 Flame Wave               Conj/Fire      12%        2d6       45%         4
 Blade Hands              Tmut           1%         N/A       99%         5
 Iron Shot                Conj/Erth      2%         9d2       100%        6
 Animate Armour           Summ/Erth      Unusable   N/A       N/A         4

Dungeon Overview and Level Annotations

Branches:
Dungeon (3/15)

Altars:

Shops:
D:1 [[?[


Innate Abilities, Weirdness & Mutations

You cannot wear most types of armour.
You are amphibious.
You can wear up to eight rings at the same time.
Your skin changes colour to match your surroundings (Stealth+).
Your rubbery body absorbs attacks. (AC +1, EV +1)
((You are camouflaged when in or above water. (Stealth+)))
You have tentacles for arms and can constrict up to eight enemies at once.


Message History

Confirm with . or Enter, or press ? or * to list all spells.
You conjure some foxfire!
The foxfire hits the orc.
The orc is almost dead.
The foxfire hits the orc.
You kill the orc!
Your magical contamination has completely faded away.
Casting: Foxfire (safe; 5% risk of failure)
Confirm with . or Enter, or press ? or * to list all spells.
You conjure some foxfire!
Your foxfire dissipates!
The foxfire hits the orc priest but does no damage.
There is a stone staircase leading up here.
Casting: Foxfire (safe; 5% risk of failure)
Confirm with . or Enter, or press ? or * to list all spells.
You conjure some foxfire!
Your foxfire dissipates!
The foxfire hits the orc priest.
The orc priest is lightly wounded.
The orc priest barely misses you.
There is a stone staircase leading up here.
You closely miss the orc priest. Your grab misses the orc priest.
You squeeze the orc priest.
The orc priest is lightly wounded.
The orc priest mumbles some strange prayers to Beogh against you.
Pain shoots through your body!
The orc priest mumbles some strange prayers to Beogh against you.
Beogh smites you!
* * * LOW HITPOINT WARNING * * *
The orc hits you with a +0 club.
* * * LOW HITPOINT WARNING * * *
The orc priest shouts!
You climb upwards.
There is a stone staircase leading down here.
The orc attacks as you move away! The orc hits you with a +0 club.
* * * LOW HITPOINT WARNING * * *
The orc priest barely misses you.
The orc priest attacks as you move away!
The orc priest hits you with a +0 club.
You die...

##...#.##.##.#.#...## #.#.......
....................####.........
##...#.##.##.#..[...).......P....
.....#.##.##...........≈~........
###.......##.........~~~~~~...)##
###....######.......~~≈~~~≈~...##
##.....## ##.....~~≈≈≈~≈~≈~....
#.......## ##....~~≈~~≈≈≈~~.###
.........#######@....~~≈~≈~~..#
...............oo.....~~~~~...#
.........#####.###....≈≈~≈..P.##
#.......###...........~~♣.)....#
##.......##..........♣~.....P..#
#....##.##....................#
#.#...#.##..)....##...........#
#.##.....#.......###.##########
#.#####..#.......# #.#


You could see an orc priest and an orc.

Vanquished Creatures
  A hound (D:2)
  4 gnolls (D:2)
  An adder (D:2)
  2 worms (D:2)
  An orc (D:3)
  5 ball pythons
  2 endoplasms
  2 giant cockroaches
  8 hobgoblins
  6 bats
  2 frilled lizards (D:1)
  3 goblins
  4 kobolds
  A rat (D:1)
42 creatures vanquished.

Vanquished Creatures (collateral kills)
  2 foxfires (D:2)
2 creatures vanquished.

Vanquished Creatures (others)
  124 foxfires
  11 plants
135 creatures vanquished.

Grand Total: 179 creatures vanquished

Notes
Turn   | Place    | Note
-------+----------+-------------------------------------------
     0 | D:1      | unlimited1921 the Octopode Fire Elementalist began the
                  | quest for the Orb.
     0 | D:1      | Reached XP level 1. HP: 11/11 MP: 3/3
   936 | D:1      | Found Meguagh's Armour Boutique.
   967 | D:1      | Reached XP level 2. HP: 17/17 MP: 5/5
  1005 | D:1      | Found Gomiguj's Magic Scroll Shoppe.
  1021 | D:1      | Found Enoorogg's Armour Shoppe.
  1182 | D:1      | Found Feumal's Armour Emporium.
  1615 | D:1      | Found a faded altar of an unknown god.
  2366 | D:2      | Reached XP level 3. HP: 21/21 MP: 6/6
  3329 | D:2      | Learned a level 2 spell: Scorch
  3333 | D:2      | Learned a level 3 spell: Inner Flame
  3361 | D:2      | Reached XP level 4. HP: 27/27 MP: 2/7
  3882 | D:2      | Reached skill level 4 in Fire Magic
  3882 | D:2      | Reached XP level 5. HP: 32/32 MP: 4/9
  4351 | D:2      | Slain by an orc priest

Illustrated notes

Levels and vault maps discovered:
D:1:      erik_arrival_cave_to_civilisation [erik_arrival_cave_to_hall],
          layout_loops_ring, serial_shops, nicolae_diamond_shop, shop, shop,
          shop, shapermc_ecumenical_altar_hornbeckon
D:2:      layout_loops_cross, minmay_misc_feat_enclosed,
          guppyfry_early_lair_pool
D:3:      layout_loops_ring, nicolae_wu_jian_immortal_techniques, uniq_sigmund

Skill      XL: |  1  2  3  4 |
---------------+-------------+-----
Stealth        | 3 |  3.8
Fire Magic     | 4 |  4.0
Fighting       | |  0.3
Short Blades   | |  0.2
Dodging        | |  2.2
Spellcasting   | |  2.9
Conjurations   | |  1.9

Action                   |  1- 3 |  4- 6 || total
-------------------------+-------+-------++-------
Melee: Short sword       |    38 |    14 ||    52
       Constrict         |     9 |     6 ||    15
       Tentacles         |     3 |     5 ||     8
 Cast: Foxfire           |    58 |    16 ||    74
       Scorch            |       |     5 ||     5
       Inner Flame       |       |     1 ||     1
 Stab: Sleeping          |     3 |       ||     3
Armor: Skin              |     5 |     1 ||     6
Dodge: Dodged            |    23 |     9 ||    32
